BOTTOM OF THE 1ST |
Chicago Gold Sox batting - Pitching for D.C. Divided : RHP Brewster Warble
|
Pitching: RHP Brewster Warble
|
|
Batting: LHB Stanley Belote
|
0-0: Foul Ball, location: 2F 0-1: Ball 1-1: Foul Ball, location: 2F 1-2: Fly out, F4 (Popup, 4)
|
Batting: RHB Zeus Preckwinkle
|
0-0: Called Strike 0-1: Ball 1-1: Ball 2-1: Called Strike 2-2: Ball 3-2: Base on Balls
|
Batting: LHB Noel Ballard
|
0-0: Called Strike 0-1: Ball 1-1: Ball 2-1: Swinging Strike 2-2: Ground out 6-3 (Groundball, 6S) Zeus Preckwinkle to second
|
Batting: SHB Lupo Cotto
|
0-0: Foul Ball, location: 2F 0-1: Ball 1-1: Ground out U3 (Groundball, 34)
|
Bottom of the 1st over - 0 runs, 0 hits, 0 errors, 1 left on base; D.C. 0 - Chicago 0 |
TOP OF THE 2ND |
D.C. Divided batting - Pitching for Chicago Gold Sox : RHP Shuntavyious Primes-Willes
|
Batting: RHB Wilbur Davis
|
0-0: Ball 1-0: Ball 2-0: Ground out U3 (Groundball, 3)
|
Batting: RHB Julián Salcido
|
0-0: Called Strike 0-1: Ball 1-1: Foul Ball, location: 2F 1-2: Ground out U3 (Groundball, 34S)
|
Batting: RHB Arturo Rodríguez
|
0-0: Ball 1-0: Ball 2-0: Called Strike 2-1: Called Strike 2-2: Ball 3-2: Base on Balls
|
Batting: LHB Obidiah Lewis
|
0-0: Ball 1-0: Called Strike 1-1: Ball 2-1: Fly out, F4 (Popup, 4M)
|
Top of the 2nd over - 0 runs, 0 hits, 0 errors, 1 left on base; D.C. 0 - Chicago 0 |
BOTTOM OF THE 2ND |
Chicago Gold Sox batting - Pitching for D.C. Divided : RHP Brewster Warble
|
Batting: LHB Dewitt Hopper
|
0-0: Fly out, F7 (Flyball, 7LM)
|
Batting: LHB Ricardo Collazo
|
0-0: Foul Ball, location: 2F 0-1: Ball 1-1: Ball 2-1: Called Strike 2-2: Foul Ball, location: 2F 2-2: Fly out, F8 (Flyball, 8RD)
|
Batting: LHB Sergio Rodríguez
|
0-0: Called Strike 0-1: SINGLE (Flyball, 9LS)
|
Batting: LHB Eddie Flynn
|
0-0: Foul Ball, location: 2F 0-1: Called Strike 0-2: Ball 1-2: Foul Ball, location: 2F 1-2: Ball 2-2: Foul Ball, location: 2F 2-2: Ball 3-2: Ground out 4-3 (Groundball, 34D)
|
Bottom of the 2nd over - 0 runs, 1 hit, 0 errors, 1 left on base; D.C. 0 - Chicago 0 |
TOP OF THE 3RD |
D.C. Divided batting - Pitching for Chicago Gold Sox : RHP Shuntavyious Primes-Willes
|
Batting: LHB Sal Bradshaw
|
0-0: Ball 1-0: Ball 2-0: Called Strike 2-1: Ball 3-1: Called Strike 3-2: Ground out 4-3 (Groundball, 4)
|
Batting: RHB Roberto Maestas
|
0-0: Ball 1-0: Swinging Strike 1-1: Ball 2-1: Fly out, F3 (Popup, 34S)
|
Batting: RHB Tony Romero
|
0-0: Called Strike 0-1: Ball 1-1: Ball 2-1: SINGLE (Flyball, 9LM)
|
Batting: RHB Mario Castillo
|
0-0: Ball 1-0: Ball 2-0: Ball 3-0: Called Strike 3-1: Ground out 5-3 (Groundball, 56S)
|
Top of the 3rd over - 0 runs, 1 hit, 0 errors, 1 left on base; D.C. 0 - Chicago 0 |
BOTTOM OF THE 3RD |
Chicago Gold Sox batting - Pitching for D.C. Divided : RHP Brewster Warble
|
Batting: LHB Naohiro Sakai
|
0-0: Ball 1-0: Ball 2-0: Reached via error on a dropped throw, E1
|
Batting: LHB Stanley Belote
|
0-0: Called Strike 0-1: Ball Naohiro Sakai steals 2nd base 1-1: Ball 2-1: Ball 3-1: Base on Balls
|
Batting: RHB Zeus Preckwinkle
|
0-0: Swinging Strike 0-1: Ball 1-1: Ball 2-1: Ground out 5-3 (Groundball, 25) Naohiro Sakai to third Stanley Belote to second
|
Batting: LHB Noel Ballard
|
0-0: Ball 1-0: SINGLE (Groundball, 34D) Naohiro Sakai scores Stanley Belote to third Runner from 3rd tries for Home, SAFE, throw made home
|
Batting: SHB Lupo Cotto
|
0-0: SINGLE (Groundball, 4D) Noel Ballard to second Runner from 2nd tries for 3rd, SAFE, throw made to third
|
Batting: LHB Dewitt Hopper
|
0-0: Ball 1-0: Ball 2-0: Foul Ball, location: 2F 2-1: Grounds into double play, 4-6-3 (Groundball, 4)
|
Bottom of the 3rd over - 2 runs, 2 hits, 1 error, 1 left on base; D.C. 0 - Chicago 2 |
TOP OF THE 4TH |
D.C. Divided batting - Pitching for Chicago Gold Sox : RHP Shuntavyious Primes-Willes
|
Batting: RHB Wilfred McLaughlin
|
0-0: Swinging Strike 0-1: Ball 1-1: Foul Ball, location: 2F 1-2: SOLO HOME RUN (Flyball, 7LD), Distance : 380 ft
|
Batting: RHB Wilbur Davis
|
0-0: Foul Ball, location: 2F 0-1: Ball 1-1: Ground out 5-3 (Groundball, 56)
|
Batting: RHB Julián Salcido
|
0-0: Swinging Strike 0-1: Fly out, F8 (Flyball, 8RD)
|
Batting: RHB Arturo Rodríguez
|
0-0: Ball 1-0: Swinging Strike 1-1: Foul Ball, location: 2F 1-2: Ball 2-2: Foul Ball, location: 2F 2-2: Ground out 2-3 (Groundball, 2R)
|
Top of the 4th over - 1 run, 1 hit, 0 errors, 0 left on base; D.C. 1 - Chicago 2 |
BOTTOM OF THE 4TH |
Chicago Gold Sox batting - Pitching for D.C. Divided : RHP Brewster Warble
|
Batting: LHB Ricardo Collazo
|
0-0: SINGLE (Groundball, 4D)
|
Batting: LHB Sergio Rodríguez
|
0-0: Called Strike 0-1: Ball 1-1: Foul Ball, location: 2F 1-2: SINGLE (Line Drive, 8RM) Ricardo Collazo to second
|
Batting: LHB Eddie Flynn
|
0-0: Called Strike 0-1: Foul Ball, location: 2F 0-2: Ball 1-2: Ball 2-2: Ball 3-2: Foul Ball, location: 2F 3-2: Fly out, F7 (Line Drive, 78D)
|
Batting: LHB Naohiro Sakai
|
0-0: Fielders Choice at 2nd, 4-6 (Groundball, 34D) Ricardo Collazo to third
|
Batting: LHB Stanley Belote
|
0-0: Called Strike 0-1: Ball 1-1: Called Strike 1-2: Ball 2-2: 3-RUN HOME RUN (Flyball, 9D), Distance : 391 ft
|
Batting: RHB Zeus Preckwinkle
|
0-0: Ball 1-0: Swinging Strike 1-1: Ground out 6-3 (Groundball, 6)
|
Bottom of the 4th over - 3 runs, 3 hits, 0 errors, 0 left on base; D.C. 1 - Chicago 5 |
TOP OF THE 5TH |
D.C. Divided batting - Pitching for Chicago Gold Sox : RHP Shuntavyious Primes-Willes
|
Batting: LHB Obidiah Lewis
|
0-0: Ball 1-0: Called Strike 1-1: Ball 2-1: Fly out, F9 (Flyball, 89D)
|
Batting: LHB Sal Bradshaw
|
0-0: Ground out 4-3 (Groundball, 4)
|
Batting: RHB Roberto Maestas
|
0-0: Ball 1-0: Ball 2-0: Called Strike 2-1: Ground out 6-3 (Groundball, 6)
|
Top of the 5th over - 0 runs, 0 hits, 0 errors, 0 left on base; D.C. 1 - Chicago 5 |
BOTTOM OF THE 5TH |
Chicago Gold Sox batting - Pitching for D.C. Divided : RHP Brewster Warble
|
Batting: LHB Noel Ballard
|
0-0: Foul Ball, location: 2F 0-1: Ball 1-1: Foul Ball, location: 2F 1-2: Ball 2-2: Ball 3-2: Foul Ball, location: 2F 3-2: Fly out, F3 (Popup, 3SF)
|
Batting: SHB Lupo Cotto
|
0-0: Ball 1-0: SINGLE (Groundball, 34D)
|
Batting: LHB Dewitt Hopper
|
0-0: Called Strike 0-1: Swinging Strike 0-2: Foul Ball, location: 2F 0-2: Ball 1-2: Ball 2-2: Ball 3-2: Foul Ball, location: 2F 3-2: Foul Ball, location: 2F 3-2: Foul Ball, location: 2F 3-2: Foul Ball, location: 2F 3-2: Base on Balls Lupo Cotto to second
|
Pitching: LHP Domingo Posadas
|
|
Batting: LHB Ricardo Collazo
|
0-0: Ball 1-0: Ball 2-0: Foul Ball, location: 2F 2-1: Ground out 5-3 (Groundball, 56S) Lupo Cotto to third Dewitt Hopper to second
|
Batting: LHB Sergio Rodríguez
|
0-0: Ball 1-0: Called Strike 1-1: Called Strike 1-2: Ball 2-2: Ball 3-2: Strikes out swinging
|
Bottom of the 5th over - 0 runs, 1 hit, 0 errors, 2 left on base; D.C. 1 - Chicago 5 |
TOP OF THE 6TH |
D.C. Divided batting - Pitching for Chicago Gold Sox : RHP Shuntavyious Primes-Willes
|
Batting: RHB Tony Romero
|
0-0: Fly out, F3 (Popup, 3SF)
|
Batting: RHB Mario Castillo
|
0-0: Called Strike 0-1: Ball 1-1: Foul Ball, location: 2F 1-2: Foul Ball, location: 2F 1-2: SINGLE (Groundball, 6MD)
|
Batting: RHB Wilfred McLaughlin
|
0-0: Called Strike 0-1: Ball 1-1: Ball 2-1: Fly out, F8 (Flyball, 8LXD)
|
Batting: RHB Wilbur Davis
|
0-0: Ball Mario Castillo steals 2nd base 1-0: Called Strike 1-1: Ground out 5-3 (Groundball, 56)
|
Top of the 6th over - 0 runs, 1 hit, 0 errors, 1 left on base; D.C. 1 - Chicago 5 |
BOTTOM OF THE 6TH |
Chicago Gold Sox batting - Pitching for D.C. Divided : LHP Domingo Posadas
|
Batting: LHB Eddie Flynn
|
0-0: SOLO HOME RUN (Flyball, 89XD), Distance : 401 ft
|
Batting: LHB Naohiro Sakai
|
0-0: Ball 1-0: Ball 2-0: Ground out 4-3 (Groundball, 4)
|
Batting: LHB Stanley Belote
|
0-0: Called Strike 0-1: Called Strike 0-2: Strikes out looking
|
Batting: RHB Zeus Preckwinkle
|
0-0: Ball 1-0: Foul Ball, location: 2F 1-1: Ball 2-1: Called Strike 2-2: Ball 3-2: Foul Ball, location: 2F 3-2: Foul Ball, location: 2F 3-2: Strikes out swinging
|
Bottom of the 6th over - 1 run, 1 hit, 0 errors, 0 left on base; D.C. 1 - Chicago 6 |
TOP OF THE 7TH |
D.C. Divided batting - Pitching for Chicago Gold Sox : RHP Shuntavyious Primes-Willes
|
Batting: RHB Julián Salcido
|
0-0: Ground out U3 (Groundball, 3)
|
Batting: RHB Arturo Rodríguez
|
0-0: Ball 1-0: Fly out, F7 (Flyball, 7D)
|
Batting: LHB Obidiah Lewis
|
0-0: DOUBLE (Line Drive, 78D)
|
Batting: LHB Sal Bradshaw
|
0-0: Foul Ball, location: 2F 0-1: Foul Ball, location: 2F 0-2: TRIPLE (Flyball, 89XD) Obidiah Lewis scores
|
Batting: RHB Roberto Maestas
|
0-0: Ball Wild Pitch! Sal Bradshaw scores 1-0: Ground out 1-3 (Groundball, 13)
|
Top of the 7th over - 2 runs, 2 hits, 0 errors, 0 left on base; D.C. 3 - Chicago 6 |
BOTTOM OF THE 7TH |
Chicago Gold Sox batting - Pitching for D.C. Divided : LHP Domingo Posadas
|
Batting: LHB Noel Ballard
|
0-0: Ground out 4-3 (Groundball, 4MD)
|
Batting: SHB Lupo Cotto
|
0-0: Swinging Strike 0-1: Fly out, F7 (Line Drive, 7S)
|
Batting: LHB Dewitt Hopper
|
0-0: Called Strike 0-1: Foul Ball, location: 2F 0-2: Ball 1-2: Foul Ball, location: 2F 1-2: Foul Ball, location: 2F 1-2: Strikes out looking
|
Bottom of the 7th over - 0 runs, 0 hits, 0 errors, 0 left on base; D.C. 3 - Chicago 6 |
TOP OF THE 8TH |
D.C. Divided batting - Pitching for Chicago Gold Sox : RHP Shuntavyious Primes-Willes
|
Batting: RHB Tony Romero
|
0-0: Called Strike 0-1: Ball 1-1: Foul Ball, location: 2F 1-2: Foul Ball, location: 2F 1-2: Ball 2-2: Ball 3-2: Base on Balls
|
Pitching: LHP Dan Crowder
|
|
Batting: RHB Mario Castillo
|
0-0: Ball 1-0: Ball 2-0: Foul Ball, location: 2F 2-1: Fly out, F7 (Flyball, 7LSF)
|
Batting: RHB Wilfred McLaughlin
|
0-0: Foul Ball, location: 2F 0-1: Grounds into double play, 4-6-3 (Groundball, 4M)
|
Top of the 8th over - 0 runs, 0 hits, 0 errors, 0 left on base; D.C. 3 - Chicago 6 |
BOTTOM OF THE 8TH |
Chicago Gold Sox batting - Pitching for D.C. Divided : LHP Domingo Posadas
|
Pitching: RHP Roberto Silva
|
|
Batting: LHB Ricardo Collazo
|
0-0: Ball 1-0: Ball 2-0: Ball 3-0: Called Strike 3-1: SINGLE (Line Drive, 9S)
|
Batting: LHB Sergio Rodríguez
|
0-0: Ball 1-0: Called Strike 1-1: Ball 2-1: Ball 3-1: SINGLE (Groundball, 4) (infield hit) Ricardo Collazo to second
|
Batting: LHB Eddie Flynn
|
0-0: Ball 1-0: 3-RUN HOME RUN (Line Drive, 9D), Distance : 379 ft
|
Batting: LHB Naohiro Sakai
|
0-0: Ball 1-0: Called Strike 1-1: Foul Ball, location: 2F 1-2: Ball 2-2: Foul Ball, location: 2F 2-2: Ball 3-2: Ground out 5-3 (Groundball, 56)
|
Batting: LHB Stanley Belote
|
0-0: Called Strike 0-1: Swinging Strike 0-2: Ball 1-2: Foul Ball, location: 2F 1-2: SINGLE (Line Drive, 9LS)
|
Batting: RHB Zeus Preckwinkle
|
0-0: Ball 1-0: Ball 2-0: Foul Ball, location: 2F 2-1: Ball 3-1: Called Strike 3-2: Strikes out swinging
|
Batting: LHB Noel Ballard
|
0-0: Ball Stanley Belote steals 2nd base 1-0: Ball 2-0: Called Strike 2-1: Called Strike 2-2: Ball 3-2: Base on Balls
|
Batting: SHB Lupo Cotto
|
0-0: Ball 1-0: Ball 2-0: Fielders Choice at 2nd, 6-4 (Groundball, 6)
|
Bottom of the 8th over - 3 runs, 4 hits, 0 errors, 2 left on base; D.C. 3 - Chicago 9 |
TOP OF THE 9TH |
D.C. Divided batting - Pitching for Chicago Gold Sox : LHP Dan Crowder
|
Batting: RHB Wilbur Davis
|
0-0: Ball 1-0: Foul Ball, location: 2F 1-1: SINGLE (Line Drive, 4MD)
|
Batting: RHB Julián Salcido
|
0-0: Grounds into double play, 6-4-3 (Groundball, 6)
|
Batting: RHB Arturo Rodríguez
|
0-0: Ball 1-0: Foul Ball, location: 2F 1-1: SINGLE (Flyball, 89S)
|
Batting: LHB Obidiah Lewis
|
0-0: Called Strike 0-1: Ball 1-1: Swinging Strike 1-2: SINGLE (Line Drive, 34) Arturo Rodríguez to second
|
Batting: LHB Sal Bradshaw
|
0-0: Foul Ball, location: 2F 0-1: SINGLE (Groundball, 34D) Arturo Rodríguez to third Obidiah Lewis to second
|
Batting: RHB Roberto Maestas
|
0-0: Ball 1-0: Ball 2-0: Called Strike 2-1: Foul Ball, location: 2F 2-2: Ground out U3 (Groundball, 34)
|
Top of the 9th over - 0 runs, 4 hits, 0 errors, 3 left on base; D.C. 3 - Chicago 9 |
|